 Dungeon Crawl Stone Soup version 0.32-a0-141-g04fe69798e (webtiles) character file.

Game seed: 4530251092529798463

105 pedowka the Conjurer (level 4, -4/27 HPs)
             Began as a Gargoyle Reaver on Feb 11, 2024.
             Killed from afar by a white imp (9 damage)
             ... with a puff of frost
             ... on level 3 of the Dungeon.
             The game lasted 00:22:44 (2357 turns).

pedowka the Conjurer (Gargoyle Reaver)              Turns: 2357, Time: 00:22:44

Health: -4/27      AC: 10    Str: 18    XL:     4   Next: 83%
Magic:  7/7        EV: 11    Int: 13    God:
Gold:   124        SH:  0    Dex:  8    Spells: 6/7 levels left

rFire   . . .        k - +0 war axe
rCold   . . .        (no shield)
rNeg    + . .        i - +0 ring mail
rPois   ∞            (no helmet)
rElec   +            (no cloak)
rCorr   .            (no gloves)
SInv    .            l - +1 pair of boots
Will    .....        (no amulet) Stlth
                     (no ring)
HPRegen 0.24/turn    (no ring)
MPRegen 0.10/turn

%: no passive effects
@: attractive
A: sickness immunity, AC +3, negative energy resistance 1, electricity
resistance, torment resistance 1, petrification resistance
a: no special abilities


You were on level 3 of the Dungeon.
You visited 1 branch of the dungeon, and saw 3 of its levels.

You collected 124 gold pieces.

Inventory:

Hand Weapons
 a - a +0 mace
 d - a +0 sling
 g - a +0 mace
 k - a +0 war axe (weapon)
 x - a +0 trident
Armour
 b - a +0 leather armour
 i - a +0 ring mail (worn)
 j - a +0 robe
 l - a +1 pair of boots (worn)
Talismans
 n - a granite talisman
Scrolls
 c - a scroll of poison {unknown}
 h - a scroll of enchant weapon {unknown}
 o - a scroll of noise {unknown}
 p - a scroll of teleportation {unknown}
 q - 2 scrolls of fear {unknown}
 w - a scroll of enchant armour {unknown}
Potions
 f - 2 potions of lignification {unknown}
 m - 2 potions of invisibility {unknown}
 r - a potion of magic {unknown}
 s - 2 potions of berserk rage {unknown}
 t - a potion of curing {unknown}


   Skills:
 + Level 2.7 Fighting
 + Level 1.6(2.7) Axes
 + Level 3.6(3.8) Maces & Flails
 + Level 1.2 Armour
 + Level 2.0 Dodging
 + Level 0.1 Stealth
 + Level 2.1 Spellcasting
 + Level 3.7 Conjurations


You had 6 spell levels left.
You knew the following spells:

 Your Spells              Type           Power      Damage    Failure   Level
a - Kiss of Death         Conj/Necr      24%        2d7       22%         1

Your spell library contained the following spells:

 Spells                   Type           Power      Damage    Failure   Level
 Momentum Strike          Conj/Tloc      12%        3d8       32%         2
 Hailstorm                Conj/Ice       6%         3d5       54%         3


Dungeon Overview and Level Annotations

Branches:
Dungeon (3/15)

Altars:
Ru
Wu Jian


Innate Abilities, Weirdness & Mutations

You are immune to sickness and miasma.
Your stone body is resilient. (AC +3)
You are immune to poison.
You resist negative energy. (rN+)
You are resistant to electric shocks. (rElec)
You are resistant to unholy torment.
You are immune to petrification.


Message History

You barely miss the adder. You closely miss the jackal.
The jackal bites you but does no damage.
The adder bites you.
The white imp hits you but does no damage.
The jackal misses you. The endoplasm misses you.
The adder bites you but does no damage.
It was a potion of attraction.
You feel attractive to monsters. The jackal closely misses you.
The jackal bites you but does no damage.
The white imp gestures at you. The puff of frost hits you.
* * * LOW HITPOINT WARNING * * *
The adder bites you but does no damage. The endoplasm barely misses you.
An adder comes into view.
The jackal is attracted toward you. The adder is attracted toward you.
It was a potion of resistance.
You feel protected.
The adder hisses angrily.
The jackal barely misses you. The adder barely misses you.
The white imp hits you but does no damage.
A jackal comes into view.
The endoplasm freezes you.
You are frozen.
You resist.
* * * LOW HITPOINT WARNING * * *
The jackal closely misses you.
The jackal bites you but does no damage.
The adder is attracted toward you. The jackal is attracted toward you.
It was a potion of cancellation.
Your magical effects are unravelling.
You feel magically purged.
Your resistance to elements expires.
The jackal closely misses you. The adder bites you but does no damage.
The jackal stops to sniff the ground.
The jackal bites you.
* * * LOW HITPOINT WARNING * * *
The jackal barely misses you. The white imp gestures at you.
The puff of frost hits you!
You die...

####....#.# #.
#.).†#.#
..##.####....#.##
................#
...#..###....#....
.#.....>#....#...#
.............# ..#
.......5S....#...#
#....J@hS§......
#.....hh.§......
...........>.....
##.......h.......
#....#..#...###.
#....#........
......##.#..###
##...# .# §#


You could see 2 adders, a white imp, an endoplasm and 4 jackals.

Vanquished Creatures
  An orc wizard (D:3)
  An adder (D:2)
  3 ribbon worms (D:2)
  A dart slug (D:1)
  3 orcs (D:3)
  4 endoplasms
  A giant cockroach (D:1)
  6 goblins
  6 hobgoblins
  6 jackals
  A quokka (D:3)
  4 ball pythons (D:1)
  7 bats
  5 frilled lizards
  3 kobolds
  3 rats
55 creatures vanquished.

Notes
Turn   | Place    | Note
-------+----------+-------------------------------------------
     0 | D:1      | pedowka the Gargoyle Reaver began the quest for the Orb.
     0 | D:1      | Reached XP level 1. HP: 12/12 MP: 3/3
   100 | D:1      | Reached XP level 2. HP: 17/17 MP: 5/5
   618 | D:1      | Reached XP level 3. HP: 21/21 MP: 6/6
   742 | D:1      | Found a faded altar of an unknown god.
  1437 | D:2      | Reached skill level 1 in Armour
  1464 | D:2      | Reached XP level 4. HP: 27/27 MP: 7/7
  1671 | D:2      | Reached skill level 1 in Axes
  2020 | D:3      | Found an ornate altar of the Wu Jian Council.
  2210 | D:3      | Found a sacrificial altar of Ru.
  2357 | D:3      | Killed from afar by a white imp

Illustrated notes

Levels and vault maps discovered:
D:1:      eino_arrival_water_star, layout_loops_cross,
          shapermc_ecumenical_altar_pompeii
D:2:      layout_basic, palyth_stone_intersect, minmay_quadrilaterals
D:3:      layout_basic, nicolae_wu_jian_wuxing_cycle,
          nicolae_ru_great_annihilating_truth

Skill      XL: |  1  2  3  4 |
---------------+-------------+-----
Dodging        | 2 |  2.0
Armour         | 1 |  1.2
Axes           | 1 |  1.6
Fighting       | |  2.7
Maces & Flails | |  3.6
Stealth        | |  0.1
Spellcasting   | |  2.1
Conjurations   | |  3.7

Action                     |  1- 3 |  4- 6 || total
---------------------------+-------+-------++-------
  Melee: Mace              |    34 |       ||    34
         War axe           |    75 |    62 ||   137
         Punch             |       |     2 ||     2
    Use: Potion            |       |     3 ||     3
   Stab: Paralysed         |       |     1 ||     1
 Armour: Leather armour    |    23 |       ||    23
         Ring mail         |    67 |    53 ||   120
  Dodge: Dodged            |    92 |    51 ||   143

Table legend: (Time is in decaauts)
 A = Elapsed time spent in this place.
 B = Non-inter-level travel time spent in this place.
 C = Inter-level travel time spent in this place.
 D = Time resting spent in this place.
 E = Time spent auto-exploring this place.
 F = Levels seen in this place.
 G = Mean time per level.
                   A        B        C        D        E       F      G
               +--------+--------+--------+--------+--------+-----+--------+
         Total |   2419 |   2419 |      0 |    239 |   1030 |   3 |  806.3 |
       Dungeon |   2419 |   2419 |      0 |    239 |   1030 |   3 |  806.3 |
               +--------+--------+--------+--------+--------+-----+--------+

Top non-repeatable levels by time:
     D:2: 1068 daAuts
     D:1: 997 daAuts
     D:3: 354 daAuts
